BLB
PITTSBURGH MILLERS @ DALLAS DRILLERS
05/23/2060
 
TOP OF THE 1ST
Pittsburgh Millers batting - Pitching for Dallas Drillers : LHP Benjamin Racek
Pitching: LHP Benjamin Racek
Batting: RHB Allan Jett 0-0: Ball
1-0: Foul Ball, location: 2F
1-1: Ball
2-1: Ball
3-1: Foul Ball, location: 2F
3-2: Ground out 4-3 (Groundball, 4D, EV 83.1 MPH)
Batting: RHB Dane Jennings 0-0: Fly out, F9 (Flyball, 9, EV 88.1 MPH)
Batting: RHB Isaac Pack 0-0: Ball
1-0: Fly out, F4 (Popup, 34S, EV 77.5 MPH)
Top of the 1st over - 0 runs, 0 hits, 0 errors, 0 left on base; Pittsburgh 0 - Dallas 0
BOTTOM OF THE 1ST
Dallas Drillers batting - Pitching for Pittsburgh Millers : RHP Drew Henthorne
Pitching: RHP Drew Henthorne
Batting: RHB Aubrey Albano 0-0: Ball
1-0: Called Strike
1-1: Called Strike
1-2: SINGLE (Line Drive, 6MD, EV 102.5 MPH)
Batting: LHB Kagan Abbasi 0-0: Ball
1-0: Ball
2-0: Called Strike
2-1: Fielders Choice at 2nd, 4-6 (Groundball, 4M, EV 107.5 MPH)
Batting: LHB Lukas Hart 0-0: Hit by Pitch
Kagan Abbasi to second
Batting: LHB Devin Welninski 0-0: Ball
1-0: Called Strike
1-1: Swinging Strike
1-2: Strikes out looking
Batting: RHB Latif Won 0-0: Ball
1-0: Foul Ball, location: 2F
1-1: Ball
2-1: Ball
3-1: Base on Balls
Kagan Abbasi to third
Lukas Hart to second
Batting: LHB Ed Baker 0-0: Ball
1-0: Ball
2-0: Ball
3-0: Called Strike
3-1: SINGLE (Groundball, 56D, EV 106.2 MPH)
Kagan Abbasi scores
Lukas Hart to third
Latif Won to second
Runner from 3rd tries for Home, SAFE, throw by LF to home
Batting: RHB Ja'Quan McLaren 0-0: Called Strike
0-1: Ball
1-1: Swinging Strike
1-2: Ball
2-2: Ground out 1-3 (Groundball, 34S, EV 65.6 MPH)
Bottom of the 1st over - 2 runs, 2 hits, 0 errors, 2 left on base; Pittsburgh 0 - Dallas 2
TOP OF THE 2ND
Pittsburgh Millers batting - Pitching for Dallas Drillers : LHP Benjamin Racek
Batting: RHB LaMark Canete 0-0: Fly out, F8 (Flyball, 8RM, EV 94.4 MPH)
Batting: RHB Colton Coffin 0-0: Ball
1-0: Ball
2-0: Fly out, F1 (Line Drive, P, EV 68.8 MPH)
Batting: RHB Jeremy Knowlton 0-0: Foul Ball, location: 2F
0-1: Fly out, F9 (Flyball, 9D, EV 89.4 MPH)
Top of the 2nd over - 0 runs, 0 hits, 0 errors, 0 left on base; Pittsburgh 0 - Dallas 2
BOTTOM OF THE 2ND
Dallas Drillers batting - Pitching for Pittsburgh Millers : RHP Drew Henthorne
Batting: RHB Sean Kovacevic 0-0: Called Strike
0-1: Called Strike
0-2: Hit by Pitch
Batting: RHB Jehvon Curry 0-0: Called Strike
0-1: Ball
1-1: Swinging Strike
1-2: Foul Ball, location: 2F
1-2: Ball
2-2: Fly out, F7 (Line Drive, 78M, EV 85.6 MPH)
Batting: RHB Aubrey Albano 0-0: Called Strike
0-1: Ball
1-1: Ball
Wild Pitch!
Sean Kovacevic to second
2-1: SINGLE (Line Drive, 5L, EV 103.1 MPH)
Sean Kovacevic to third
Batting: LHB Kagan Abbasi 0-0: SINGLE (Flyball, 4MD, EV 96.9 MPH)
Sean Kovacevic scores
Aubrey Albano to second
Batting: LHB Lukas Hart 0-0: Called Strike
0-1: Ball
1-1: SINGLE (Groundball, 34D, EV 97.5 MPH)
Aubrey Albano to third
Kagan Abbasi to second
Batting: LHB Devin Welninski 0-0: Called Strike
0-1: Ball
1-1: DOUBLE (Groundball, 3L, EV 102.5 MPH)
Aubrey Albano scores
Kagan Abbasi scores
Lukas Hart to third
Pitching: LHP Julian Taft
Batting: RHB Latif Won 0-0: Ball
1-0: Ball
2-0: Ball
3-0: Base on Balls
Batting: LHB Ed Baker 0-0: Ball
1-0: Called Strike
1-1: Ball
2-1: Ball
3-1: Foul Ball, location: 2F
3-2: Fly out, F8 (Flyball, 8RD, EV 92.5 MPH)
Runner from 3rd tags up, SCORES, throw by CF
Devin Welninski to third
Batting: RHB Ja'Quan McLaren 0-0: Called Strike
0-1: SINGLE (Line Drive, 89M, EV 103.8 MPH)
Devin Welninski scores
Latif Won to second
Batting: RHB Sean Kovacevic 0-0: Called Strike
0-1: Ball
1-1: Foul Ball, location: 2F
1-2: Ground out 4-3 (Groundball, 4, EV 105.0 MPH)
Bottom of the 2nd over - 5 runs, 5 hits, 0 errors, 2 left on base; Pittsburgh 0 - Dallas 7
TOP OF THE 3RD
Pittsburgh Millers batting - Pitching for Dallas Drillers : LHP Benjamin Racek
Batting: LHB Skye Maury 0-0: Ball
1-0: Called Strike
1-1: Swinging Strike
1-2: Strikes out looking
Batting: RHB Conner Wilson 0-0: Foul Ball, location: 2F
0-1: Ground out 6-3 (Groundball, 6, EV 81.9 MPH)
Batting: RHB K.J. Avery 0-0: Called Strike
0-1: Foul Ball, location: 2F
0-2: Ball
1-2: Ground out 4-3 (Groundball, 4M, EV 103.1 MPH)
Top of the 3rd over - 0 runs, 0 hits, 0 errors, 0 left on base; Pittsburgh 0 - Dallas 7
BOTTOM OF THE 3RD
Dallas Drillers batting - Pitching for Pittsburgh Millers : LHP Julian Taft
Batting: RHB Jehvon Curry 0-0: Called Strike
0-1: Hit by Pitch
Batting: RHB Aubrey Albano 0-0: Ball
1-0: Ball
Passed Ball!
Jehvon Curry to second
2-0: SINGLE (Line Drive, 4MD, EV 98.8 MPH)
Jehvon Curry to third
Batting: LHB Kagan Abbasi 0-0: Ball
1-0: Foul Ball, location: 2F
1-1: Called Strike
1-2: Fielders Choice at 2nd, U6 (Groundball, 4MD, EV 81.2 MPH)
Jehvon Curry scores
Batting: LHB Lukas Hart 0-0: Called Strike
0-1: Ball
1-1: Called Strike
1-2: Foul Ball, location: 2F
1-2: Strikes out swinging
Batting: LHB Devin Welninski 0-0: Ball
1-0: Called Strike
1-1: Ball
2-1: Ball
3-1: Called Strike
3-2: Base on Balls
Kagan Abbasi to second
Batting: RHB Latif Won 0-0: Ball
1-0: Ball
2-0: Ball
3-0: Called Strike
3-1: Called Strike
3-2: Strikes out swinging
Bottom of the 3rd over - 1 run, 1 hit, 0 errors, 2 left on base; Pittsburgh 0 - Dallas 8
TOP OF THE 4TH
Pittsburgh Millers batting - Pitching for Dallas Drillers : LHP Benjamin Racek
Batting: RHB Allan Jett 0-0: Swinging Strike
0-1: Foul Ball, location: 2F
0-2: Ball
1-2: Strikes out swinging
Batting: RHB Dane Jennings 0-0: Ball
1-0: Called Strike
1-1: Called Strike
1-2: Strikes out swinging
Batting: RHB Isaac Pack 0-0: Ball
1-0: Swinging Strike
1-1: Foul Ball, location: 2F
1-2: Foul Ball, location: 2F
1-2: Ball
2-2: Strikes out swinging
Top of the 4th over - 0 runs, 0 hits, 0 errors, 0 left on base; Pittsburgh 0 - Dallas 8
BOTTOM OF THE 4TH
Dallas Drillers batting - Pitching for Pittsburgh Millers : LHP Julian Taft
Batting: LHB Ed Baker 0-0: Ball
1-0: Swinging Strike
1-1: Called Strike
1-2: SINGLE (Groundball, 4D, EV 94.4 MPH)
Pitching: LHP Dakarai Johnson
Batting: RHB Ja'Quan McLaren 0-0: Ball
1-0: Ball
2-0: Ball
3-0: Called Strike
3-1: Base on Balls
Ed Baker to second
Batting: RHB Sean Kovacevic 0-0: Ball
1-0: Grounds into double play, 6-4-3 (Groundball, 6, EV 79.4 MPH)
Ed Baker to third
Batting: RHB Jehvon Curry 0-0: Called Strike
0-1: Ball
1-1: Ground out 6-3 (Groundball, 6MS, EV 63.1 MPH)
Bottom of the 4th over - 0 runs, 1 hit, 0 errors, 1 left on base; Pittsburgh 0 - Dallas 8
TOP OF THE 5TH
Pittsburgh Millers batting - Pitching for Dallas Drillers : LHP Benjamin Racek
Batting: RHB LaMark Canete 0-0: Ball
1-0: Called Strike
1-1: Swinging Strike
1-2: Ball
2-2: Strikes out swinging
Batting: RHB Colton Coffin 0-0: Called Strike
0-1: Called Strike
0-2: SINGLE (Groundball, 5D, EV 98.1 MPH)
Batting: RHB Jeremy Knowlton 0-0: Ball
1-0: DOUBLE (Line Drive, 78XD, EV 106.9 MPH)
Colton Coffin to third
Batting: LHB Skye Maury 0-0: Fly out, F9 (Flyball, 9LM, EV 110.0 MPH)
Runner from 3rd tags up, SCORES, throw by RF
Jeremy Knowlton to third
Batting: RHB Conner Wilson 0-0: Ball
1-0: Called Strike
1-1: Foul Ball, location: 2F
1-2: Strikes out swinging
Top of the 5th over - 1 run, 2 hits, 0 errors, 1 left on base; Pittsburgh 1 - Dallas 8
BOTTOM OF THE 5TH
Dallas Drillers batting - Pitching for Pittsburgh Millers : LHP Dakarai Johnson
Batting: RHB Aubrey Albano 0-0: Ball
1-0: Swinging Strike
1-1: Called Strike
1-2: Ground out 4-3 (Groundball, 4M, EV 86.9 MPH)
Batting: LHB Kagan Abbasi 0-0: Ball
1-0: Fly out, F7 (Flyball, 7, EV 81.9 MPH)
Batting: LHB Lukas Hart 0-0: Called Strike
0-1: Fly out, F8 (Line Drive, 8LM, EV 87.5 MPH)
Bottom of the 5th over - 0 runs, 0 hits, 0 errors, 0 left on base; Pittsburgh 1 - Dallas 8
TOP OF THE 6TH
Pittsburgh Millers batting - Pitching for Dallas Drillers : LHP Benjamin Racek
Batting: RHB K.J. Avery 0-0: Fly out, F8 (Flyball, 8RD, EV 106.2 MPH)
Batting: RHB Allan Jett 0-0: Ball
1-0: Foul Ball, location: 2F
1-1: Foul Ball, location: 2F
1-2: Foul Ball, location: 2F
1-2: Ball
2-2: Fly out, F4 (Popup, 4D, EV 65.0 MPH)
Batting: RHB Dane Jennings 0-0: Called Strike
0-1: SINGLE (Groundball, 34D, EV 97.5 MPH)
Batting: RHB Isaac Pack 0-0: Foul Ball, location: 2F
0-1: Fielders Choice at 2nd, 5-4 (Groundball, 56, EV 86.2 MPH)
Top of the 6th over - 0 runs, 1 hit, 0 errors, 1 left on base; Pittsburgh 1 - Dallas 8
BOTTOM OF THE 6TH
Dallas Drillers batting - Pitching for Pittsburgh Millers : LHP Dakarai Johnson
Batting: LHB Devin Welninski 0-0: Ball
1-0: Ball
2-0: Ball
3-0: Base on Balls
Batting: RHB Latif Won 0-0: Ball
1-0: Ball
2-0: Fly out, F8 (Line Drive, 89M, EV 93.1 MPH)
Batting: LHB Ed Baker 0-0: Ball
1-0: Ball
2-0: Foul Ball, location: 2F
2-1: Foul Ball, location: 2F
2-2: Grounds into double play, 3-6-3 (Groundball, 34S, EV 85.0 MPH)
Bottom of the 6th over - 0 runs, 0 hits, 0 errors, 0 left on base; Pittsburgh 1 - Dallas 8
TOP OF THE 7TH
Pittsburgh Millers batting - Pitching for Dallas Drillers : LHP Benjamin Racek
Batting: RHB LaMark Canete 0-0: Called Strike
0-1: Swinging Strike
0-2: Strikes out swinging
Batting: RHB Colton Coffin 0-0: Called Strike
0-1: Ball
1-1: Swinging Strike
1-2: Ground out 4-3 (Groundball, 4, EV 85.6 MPH)
Batting: RHB Jeremy Knowlton 0-0: Ball
1-0: Called Strike
1-1: Hit by Pitch
Batting: LHB Skye Maury 0-0: Ball
1-0: Swinging Strike
1-1: Ball
2-1: Ground out 4-3 (Groundball, 4, EV 86.2 MPH)
Top of the 7th over - 0 runs, 0 hits, 0 errors, 1 left on base; Pittsburgh 1 - Dallas 8
BOTTOM OF THE 7TH
Dallas Drillers batting - Pitching for Pittsburgh Millers : LHP Dakarai Johnson
Batting: RHB Ja'Quan McLaren 0-0: Ball
1-0: DOUBLE (Line Drive, 7LM, EV 91.9 MPH)
Batting: RHB Sean Kovacevic 0-0: Foul Ball, location: 2F
0-1: Fly out, F9 (Line Drive, 9, EV 104.4 MPH)
Batting: RHB Jehvon Curry 0-0: Foul Ball, location: 2F
0-1: Ground out 1-3 (Groundball, P, EV 71.2 MPH)
Ja'Quan McLaren to third
Batting: RHB Aubrey Albano 0-0: Foul Ball, location: 2F
0-1: SINGLE (Line Drive, 5D, EV 99.4 MPH)
Ja'Quan McLaren scores
Batting: LHB Kagan Abbasi 0-0: Ball
1-0: Ball
2-0: Called Strike
2-1: Foul Ball, location: 2F
2-2: Ball
3-2: Fly out, F7 (Flyball, 7LSF, EV 93.8 MPH)
Bottom of the 7th over - 1 run, 2 hits, 0 errors, 1 left on base; Pittsburgh 1 - Dallas 9
TOP OF THE 8TH
Pittsburgh Millers batting - Pitching for Dallas Drillers : LHP Benjamin Racek
Pitching: RHP Henry Kemp
Batting: RHB Conner Wilson 0-0: Called Strike
0-1: Fly out, F4 (Line Drive, 4, EV 75.0 MPH)
Batting: RHB K.J. Avery 0-0: Ball
1-0: Called Strike
1-1: Called Strike
1-2: Ball
2-2: Strikes out swinging passed ball, reaches first!
Batting: RHB Allan Jett 0-0: Swinging Strike
0-1: Ball
1-1: Swinging Strike
1-2: Foul Ball, location: 2F
1-2: Ball
2-2: Strikes out swinging
Batting: RHB Dane Jennings 0-0: Ground out U3 (Groundball, 34S, EV 88.1 MPH)
Top of the 8th over - 0 runs, 0 hits, 0 errors, 1 left on base; Pittsburgh 1 - Dallas 9
BOTTOM OF THE 8TH
Dallas Drillers batting - Pitching for Pittsburgh Millers : LHP Dakarai Johnson
Batting: LHB Lukas Hart 0-0: Foul Ball, location: 2F
0-1: Ball
1-1: Ball
2-1: Ball
3-1: Called Strike
3-2: Fly out, F9 (Flyball, 9D, EV 89.4 MPH)
Batting: LHB Devin Welninski 0-0: Ball
1-0: Swinging Strike
1-1: Ball
2-1: Fly out, F7 (Line Drive, 7S, EV 102.5 MPH)
Batting: RHB Latif Won 0-0: Ball
1-0: Ball
2-0: Called Strike
2-1: Swinging Strike
2-2: Strikes out looking
Bottom of the 8th over - 0 runs, 0 hits, 0 errors, 0 left on base; Pittsburgh 1 - Dallas 9
TOP OF THE 9TH
Pittsburgh Millers batting - Pitching for Dallas Drillers : RHP Henry Kemp
Batting: RHB Isaac Pack 0-0: Called Strike
0-1: Foul Ball, location: 2F
0-2: DOUBLE (Flyball, 89D, EV 102.5 MPH)
Batting: RHB LaMark Canete 0-0: Called Strike
0-1: Ball
1-1: Ball
2-1: Foul Ball, location: 2F
2-2: Foul Ball, location: 2F
2-2: Strikes out swinging
Batting: RHB Colton Coffin 0-0: SINGLE (Flyball, 3D, EV 93.1 MPH)
Isaac Pack to third
Pinch Hitting: LHB Byron Carlton 0-0: Ball
1-0: Fielders Choice at 2nd, 1-6 (Groundball, 13, EV 72.5 MPH)
Batting: LHB Skye Maury 0-0: Called Strike
0-1: Ball
1-1: Foul Ball, location: 2F
1-2: Strikes out swinging
Top of the 9th over - 0 runs, 2 hits, 0 errors, 2 left on base; Pittsburgh 1 - Dallas 9
Wednesday, May 1st , 2024 - OOTP Baseball 23.10 Build 110